 Dungeon Sprint DCSS version 0.30.1-4-g462c640d31 (webtiles) character file.

Game seed: 18342008477191583816

385 Heoruswealwe the Grappler (level 6, -27/68 HPs)
             Began as a Troll Berserker on Aug 22, 2023.
             Was a Believer of Trog.
             Annihilated by a boulder beetle (51 damage)
             ... in the Dungeon (Sprint II: "The Violet Keep of Menkaure").
             The game lasted 00:01:44 (116 turns).

Heoruswealwe the Grappler (Troll Berserker)          Turns: 116, Time: 00:01:44

Health: -27/68     AC:  4    Str: 28    XL:     6   Next: 48%
Magic:  5/5        EV: 11    Int:  3    God:    Trog [**....]
Gold:   486        SH:  0    Dex:  9    Spells: 5/5 levels left

rFire   . .          .
                       - Unarmed
rCold   . . .        (no shield)
rNeg    . . .        a - +0 animal skin
rPois   .            (helmet restricted)
rElec   .            (no cloak)
rCorr   .            (gloves unavailable)
SInv    .            (boots unavailable)
Will    .....        (no amulet)
Stlth   +            (no ring)
HPRegen 1.11/turn    (no ring)
MPRegen 0.09/turn

%: no teleportation
@: no status effects
A: large, unfitting armour, claws 3, regeneration 1, shaggy fur 1, tough skin 1
a: Renounce Religion, Berserk, Trog's Hand


You were in the Dungeon.
You worshipped Trog.
Trog was pleased with you.
You visited 1 branch You collected 486 gold pieces.

Inventory:

Armour
 a - a +0 animal skin (worn)
Scrolls
 g - a scroll of blinking
Potions
 d - a potion of haste
 f - a potion of berserk rage


   Skills:
 + Level 6.3 Fighting
 + Level 6.3 Dodging
 * Level 10.4 Unarmed Combat


You had 5 spell levels left.
You didn't know any spells.
Your spell library was empty.

Dungeon Overview and Level Annotations

Branches:
Dungeon (1/1)

Altars:

Shops:
D =!=!=[?([:=[[

Annotations:
D exclusions: obsidian statue and oklob plant, Menkaure


Innate Abilities, Weirdness & Mutations

You are too large for most types of armour.
You have claws for hands.
Your natural rate of healing is unusually fast.
You are covered in fur. (AC +1)
You have tough skin. (AC +1)


Message History

a +0 spear; a merfolk corpse
Found 243 gold pieces.
You now have 486 gold pieces (gained 243).
You open the door.
Marking area around an obsidian statue as unsafe for travelling.
There is an open door here.
You enter the shallow water.
You close the door.
Found Adaulyx's Antique Armour Emporium.
Found Gynetias's Jewellery Emporium and Nicigg's Book Shoppe.
Found three shops.
Found four shops.
Found Xagoh's Antique Armour Shoppe.
The water moccasin hisses angrily.
As you open the door, it creaks loudly! 2 boulder beetles come into view.
Found 243 gold pieces.
You open the door.
Found 81 gold pieces.
Menkaure, Prince of Dust comes into view.
Found Osiptu Abou's Distillery and Uwofiz's Jewellery Emporium.
Menkaure shouts!
The boulder beetle leaps!
Marking area around an oklob plant as unsafe for travelling.
There is an open door here.
The water moccasin hisses angrily.
You claw the boulder beetle!
The boulder beetle is lightly wounded.
The boulder beetle bites you but does no damage.
The boulder beetle curls into a ball and begins rolling!
You scratch the boulder beetle but do no damage.
The boulder beetle is lightly wounded.
The boulder beetle bites you!!
Menkaure points at you and mumbles some strange words.
Pain shoots through your body!
You scratch the boulder beetle.
The boulder beetle is lightly wounded.
The boulder beetle bites you! The boulder beetle hits you!!!
Ouch! That really hurt!
You die...

########~~~...
∩.∩....#~~~~.
.∩.∩...#~~~M ..∩.∩..#~~~
.# ...∩.⌠.#~~ # ### .#
..∩.∩..#~# .###+###!##..
.∩.∩...#~#...##.##...#..
∩...°○B@B'# +.<.†.##+..
.∩.....#~#$..##.#### #..
▓▓▓▓▓###~##.###'## ##..
.S######~~####.).####~~§
.S ##~~~#..#..#~~~~§ P
#+#~##...##~~~~~
#~~##+##~~~≈≈≈
##~~~~~~~~~~≈§
#+++#+++#~≈≈≈


You could see 2 boulder beetles, an oklob plant, 2 water moccasins and Menkaure.

Vanquished Creatures
  A merfolk siren (D)
  A water moccasin (D)
  2 worms (D)
4 creatures vanquished.

Notes
Turn   | Place    | Note
-------+----------+-------------------------------------------
     0 | D        | Heoruswealwe the Troll Berserker began the quest for the
                  | Orb.
     0 | D        | Reached XP level 1. HP: 22/22 MP: 0/0
    12 | D        | Reached skill level 4 in Unarmed Combat
    20 | D        | Noticed a water moccasin
    31 | D        | HP: 1/22 [poisoned by a water moccasin]
    40 | D        | Killed a water moccasin
    40 | D        | Reached ** piety under Trog
    41 | D        | Reached skill level 6 in Unarmed Combat
    41 | D        | Reached XP level 2. HP: 12/32 MP: 1/1
    41 | D        | Reached XP level 3. HP: 14/39 MP: 2/2
    41 | D        | Reached XP level 4. HP: 18/48 MP: 3/3
    74 | D        | Noticed a merfolk siren
    79 | D        | Killed a merfolk siren
    80 | D        | Reached skill level 10 in Unarmed Combat
    80 | D        | Reached XP level 5. HP: 35/61 MP: 4/4
    80 | D        | Reached XP level 6. HP: 39/68 MP: 5/5
    86 | D        | Noticed an obsidian statue
   105 | D        | Found Adaulyx's Antique Armour Emporium.
   106 | D        | Found Gynetias's Jewellery Emporium.
   106 | D        | Found Nicigg's Book Shoppe.
   107 | D        | Found Usowkieps's Antique Weapon Shoppe.
   107 | D        | Found Began's Antique Armour Shoppe.
   107 | D        | Found Agokum's Magic Scroll Emporium.
   108 | D        | Found Quacoh's Jewellery Emporium.
   108 | D        | Found Debbus's Distillery.
   108 | D        | Found Tebaublus's Armour Emporium.
   108 | D        | Found Juycedy's Jewellery Shoppe.
   108 | D        | Noticed a water moccasin
   109 | D        | Found Xagoh's Antique Armour Shoppe.
   111 | D        | Noticed a boulder beetle
   111 | D        | Noticed a boulder beetle
   112 | D        | Noticed a water moccasin
   113 | D        | Found Osiptu Abou's Distillery.
   113 | D        | Found Uwofiz's Jewellery Emporium.
   113 | D        | Noticed Menkaure
   113 | D        | Noticed an oklob plant
   116 | D        | Annihilated by a boulder beetle

Illustrated notes

Levels and vault maps discovered:
D:        the_violet_keep_of_menkaure [sprint2_stairs_cluster_1,
          sprint2_shoproom, sprint2_temple, sprint2_basic_supplies,
          sprint2_obstacle_3, sprint2_obstacle_1, sprint2_obstacle_6,
          sprint2_obstacle_4, sprint2_obstacle_7, sprint2_timed_cluster_1,
          sprint2_smallroom_cluster_1, sprint2_smallroom_final_cluster_1,
          sprint2_transparent_cluster_1, sprint2_second_timed_cluster_1,
          sprint2_sniper_area_1, sprint2_heavy_combat_area_1,
          sprint2_mutation_trap_area_1, sprint2_forest_area_1,
          sprint2_light_combat_area_1, sprint2_behind_water_1,
          sprint2_near_end_vault_1]

Skill      XL: |  1  2  3  4 |
---------------+-------------+-----
Unarmed Combat | 6 10 | 10.4
Fighting       | 4 6 |  6.3
Dodging        | 4 6 |  6.3

Action                     |  1- 3 |  4- 6 || total
---------------------------+-------+-------++-------
  Melee: Unarmed           |    21 |     7 ||    28
    Use: Potion            |     2 |       ||     2
 Armour: Animal skin       |     5 |     1 ||     6
  Dodge: Dodged            |     8 |       ||     8
